 Dungeon Crawl Stone Soup version 0.27-a0-1532-gca18f49f40 (webtiles) character file.

Game seed: 13938259338354845555

253 avis the Insei (level 6, 0/42 HPs)
             Began as an Octopode Transmuter on July 12, 2021.
             Killed from afar by a steam dragon (8 damage)
             ... with a ball of steam
             ... on level 4 of the Dungeon on July 13, 2021.
             The game lasted 00:21:49 (3745 turns).

avis the Insei (Octopode Transmuter)                Turns: 3745, Time: 00:21:49

Health: 0/42       AC:  1    Str: 12    XL:     6   Next: 14%
Magic:  5/9        EV: 13    Int: 15    God:
Gold:   157        SH:  0    Dex: 12    Spells: 5/9 levels left

rFire    . . .     SeeInvis .     - Unarmed
rCold    . . .     Faith    .   (no shield)
rNeg     . . .     Spirit   .   (helmet restricted)
rPois    .         Reflect  .   (no amulet)
rElec    .         Harm     .   (no ring)
rCorr    .         Rampage  .   (no ring)
Will     .....                  (no ring)
Stlth    +++.......             (no ring)
HPRegen  0.14/turn              (no ring)
MPRegen  0.11/turn              (no ring)
                                (no ring)
                                (no ring)

@: very slightly contaminated
A: almost no armour, amphibious, 8 rings, camouflage 1, gelatinous body 1,
(nimble swimmer 1), tentacles
a: no special abilities


You were on level 4 of the Dungeon.
You visited 1 branch of the dungeon, and saw 4 of its levels.

You collected 157 gold pieces.

Inventory:

Hand Weapons
 b - a +0 shortbow
Missiles
 a - 106 stones
 f - 21 sling bullets
 i - 16 bolts
 m - 12 arrows
Wands
 h - a wand of iceblast (13)
 p - a wand of digging (4)
Scrolls
 c - 5 scrolls of identify {unknown}
 e - 2 scrolls of teleportation {unknown}
 n - a scroll of magic mapping {unknown}
Potions
 d - a potion of heal wounds {unknown}
 g - a potion of resistance {unknown}
 j - a potion of curing
 k - 2 potions of magic {unknown}
 l - a potion of brilliance {unknown}
 o - a potion of attraction {unknown}
 q - a potion of invisibility {unknown}


   Skills:
 - Level 3.0 Fighting
 * Level 2.8 Dodging
 - Level 2.0 Stealth
 - Level 5.0 Unarmed Combat
 - Level 2.0 Spellcasting
 - Level 2.0 Transmutations
 - Level 2.0 Poison Magic


You had 5 spell levels left.
You knew the following spells:

 Your Spells              Type           Power      Damage    Failure   Level
a - Beastly Appendage     Tmut           14%        N/A       10%         1
p - Spider Form           Tmut/Pois      3%         N/A       28%         3

Your spell library contained the following spells:

 Spells                   Type           Power      Damage    Failure   Level
 Wereblood                Tmut           7%         N/A       14%         2
 Passwall                 Tmut/Erth      3%         N/A       22%         2
 Swiftness                Air            1%         N/A       54%         3
 Ice Form                 Ice/Tmut       4%         N/A       82%         4
 Fulminant Prism          Conj/Hex       0%         3d6       91%         4
 Iskenderun's Mystic Bla  Conj/Tloc      1%         2d3       91%         4
 Lee's Rapid Deconstruct  Erth           0%         3d5*      99%         5
 Invisibility             Hex            0%         N/A       100%        6


Dungeon Overview and Level Annotations

Branches:
Dungeon (4/15)
 Temple: D:4-7

Altars:
Qazlal

Shops:
D:3 !

Annotations:
D:2 1 runed translucent door, Crazy Yiuf


Innate Abilities, Weirdness & Mutations

You cannot wear most types of armour.
You are amphibious.
You can wear up to eight rings at the same time.
Your skin changes colour to match your surroundings (Stealth+).
Your rubbery body absorbs attacks. (AC +1, EV +1)
((You are camouflaged near water. (Stealth+)))
You have tentacles for arms and can constrict up to eight enemies at once.


Message History

You climb downwards.
Found a purple potion.
Found a stone staircase leading down.
There is a stone staircase leading up here.
Found a murky coppery potion.
Your transformation is almost over.
Found 12 gold pieces.
q - a purple potion A steam dragon comes into view.
Your transformation has ended.
The helpless steam dragon fails to defend itself.
You tentacle-slap the steam dragon.
The steam dragon is lightly wounded.
The steam dragon closely misses you. The steam dragon claws you.
You tentacle-slap the steam dragon but do no damage.
The steam dragon is lightly wounded.
The steam dragon breathes steam at you. The ball of steam hits you!
You hear a shout! x4
The steam dragon bites you. The steam dragon claws you.
You see here 12 gold pieces.
The steam dragon bites you!
* * * LOW HITPOINT WARNING * * *
The steam dragon claws you.
* * * LOW HITPOINT WARNING * * *
It was a potion of curing.
You feel better. The steam dragon closely misses you.
The steam dragon claws you.
* * * LOW HITPOINT WARNING * * *
Casting: Spider Form (quite dangerous; 28% risk of failure)
Confirm with . or Enter, or press ? or * to list all spells.
The spell is quite dangerous to cast (28% risk of failure)!
Continue anyway?
You miscast Spider Form.
You are very lightly contaminated with residual magic.
Nothing appears to happen.
The steam dragon bites you!
* * * LOW HITPOINT WARNING * * *
The steam dragon claws you.
* * * LOW HITPOINT WARNING * * *
You feel better. The steam dragon breathes steam at you.
The ball of steam hits you!
You die...

# #........># ...
####.........##....##
.........<..........
####.........##.... #
#.............. #
#.............
#.........##.##
#.........##D.#
######......$@#
#.......##.##..#
#.......##.##.!#
#.......##.#...#
#..........#....
#.......####...##
#.......# ###.#
#.......# ..#


You could see a steam dragon (catching breath).

Vanquished Creatures
  A howler monkey (D:3)
  A jelly (D:3)
  Natasha (thrice) (D:3)
  2 adders
  A worm (D:2)
  3 dart slugs (D:1)
  6 orcs
  5 ball pythons
  9 endoplasms
  2 giant cockroaches
  6 goblins
  7 hobgoblins
  2 jackals (D:1)
  3 kobolds
  5 quokkas
  9 bats
  A frilled lizard (D:3)
  11 rats
77 creatures vanquished.

Notes
Turn   | Place    | Note
-------+----------+-------------------------------------------
     0 | D:1      | avis the Octopode Transmuter began the quest for the Orb.
     0 | D:1      | Reached XP level 1. HP: 13/13 MP: 3/3
   121 | D:1      | Reached skill level 1 in Stealth
   257 | D:1      | Reached XP level 2. HP: 4/18 MP: 3/5
   835 | D:1      | Reached XP level 3. HP: 24/25 MP: 4/6
   839 | D:1      | Learned a level 3 spell: Spider Form
   987 | D:1      | Found a faded altar of an unknown god.
  1217 | D:2      | Found a stormy altar of Qazlal.
  1477 | D:2      | Reached skill level 1 in Poison Magic
  1477 | D:2      | Reached XP level 4. HP: 31/31 MP: 5/7
  2187 | D:2      | Found a runed translucent door.
  2188 | D:2      | Noticed Crazy Yiuf
  2650 | D:3      | Reached skill level 4 in Unarmed Combat
  2650 | D:3      | Reached XP level 5. HP: 32/36 MP: 4/8
  2990 | D:3      | Found Nunynta's Distillery.
  3096 | D:3      | Noticed Natasha
  3107 | D:3      | Killed Natasha
  3220 | D:3      | Noticed Natasha
  3229 | D:3      | Killed Natasha
  3230 | D:3      | Reached skill level 5 in Unarmed Combat
  3335 | D:3      | Reached XP level 6. HP: 36/42 MP: 7/9
  3456 | D:3      | Noticed Natasha
  3462 | D:3      | Killed Natasha
  3733 | D:4      | Noticed a steam dragon
  3744 | D:4      | HP: 1/42 [steam dragon (2)]
  3745 | D:4      | Killed from afar by a steam dragon

Illustrated notes

Levels and vault maps discovered:
D:1:      dpeg_arrival_refuge, layout_basic, dreamdust_ecumenical_altar_grove,
          minmay_rat_gold_closets
D:2:      layout_loops_ring, basic_altar, uniq_crazy_yiuf_cottage
D:3:      layout_loops_cross, serial_shops, nicolae_shop_stone, minivault_11,
          uniq_natasha
D:4:      layout_loops_cross, led_sif_pool, general_overflow_altar,
          minmay_rat_hole

Skill      XL: |  1  2  3  4  5 |
---------------+----------------+-----
Stealth        | 2 |  2.0
Fighting       | 2 3 |  3.0
Poison Magic   | 1 2 |  2.0
Unarmed Combat | 4 5 |  5.0
Dodging        | |  2.8
Spellcasting   | |  2.0
Transmutations | |  2.0

Action                   |  1- 3 |  4- 6 || total
-------------------------+-------+-------++-------
Melee: Unarmed           |    79 |    76 ||   155
       Constrict         |    21 |    11 ||    32
       Kick              |    13 |    11 ||    24
       Tentacles         |    11 |     5 ||    16
       Punch             |     3 |     1 ||     4
 Fire: Shortbow          |       |    18 ||    18
 Cast: Beastly Appendage |    33 |    22 ||    55
       Spider Form       |       |     8 ||     8
  Use: Potion            |       |     2 ||     2
 Stab: Sleeping          |     7 |     8 ||    15
Armor: Skin              |     3 |     4 ||     7
Dodge: Dodged            |    39 |    61 ||   100

Table legend: (Time is in decaauts)
 A = Elapsed time spent in this place.
 B = Non-inter-level travel time spent in this place.
 C = Inter-level travel time spent in this place.
 D = Time resting spent in this place.
 E = Time spent auto-exploring this place.
 F = Levels seen in this place.
 G = Mean time per level.
                   A        B        C        D        E       F      G
               +--------+--------+--------+--------+--------+-----+--------+
         Total |   3746 |   3504 |    242 |   1217 |   1175 |   4 |  936.5 |
       Dungeon |   3746 |   3504 |    242 |   1217 |   1175 |   4 |  936.5 |
               +--------+--------+--------+--------+--------+-----+--------+

Top non-repeatable levels by time:
     D:2: 1394 daAuts
     D:1: 1275 daAuts
     D:3: 1044 daAuts
     D:4: 31 daAuts
